 Dungeon Crawl Stone Soup version 0.29.1-12-g30fa7ad0bf (webtiles) character file.

Game seed: 10699244109208823595

387 wormed the Chucker (level 6, -2/51 HPs)
             Began as a Demigod Wanderer on Dec 28, 2022.
             Killed from afar by Blork the orc (4 damage)
             ... with a puff of frost
             ... on level 4 of the Dungeon.
             The game lasted 00:10:00 (4844 turns).

wormed the Chucker (Demigod Wanderer)               Turns: 4844, Time: 00:10:02

Health: -2/51      AC:  7    Str:  9    XL:     6   Next: 24%
Magic:  0/8        EV: 10    Int: 14    God:
Gold:   199        SH:  0    Dex: 22    Spells: 5/5 levels left

rFire   + + +      SeeInvis .   h - +0 falchion
rCold   . . .      Faith    .   (no shield)
rNeg    + + +      Spirit   +   y - +3 leather armour "Etoqot" {+Inv rF+++ rN+++ Str-3}
rPois   .          Reflect  .   (no helmet)
rElec   .          Harm     .   s - +0 cloak
rCorr   .          Rampage  .   (no gloves)
Will    .....                   (no boots)
Stlth   +++.......              n - amulet of guardian spirit
HPRegen 0.17/turn               (no ring)
MPRegen 0.11/turn               (no ring)

@: lethally poisoned (-2 -> -9), hasted, very quick
A: high MP 1, forlorn, divine attributes
a: Evoke Invisibility


You were on level 4 of the Dungeon.
You visited 1 branch of the dungeon, and saw 4 of its levels.

You collected 199 gold pieces.

Inventory:

Hand Weapons
 a - a +2 dagger
 h - a +0 falchion (weapon)
Missiles
 d - 16 poisoned darts
Armour
 s - a +0 cloak (worn)
 y - the +3 leather armour "Etoqot" (worn) {+Inv rF+++ rN+++ Str-3}
   (You found it on level 4 of the Dungeon)

   Str:       It affects your strength (-3).
   rF:        It renders you almost immune to fire.
   rN:        It renders you almost immune to negative energy.
   +Inv:      It lets you turn invisible.
Jewellery
 j - a ring of fire
 n - an amulet of guardian spirit (around neck)
 r - a +6 ring of intelligence
Wands
 c - a wand of flame (9) (quivered)
Scrolls
 e - a scroll of identify
 f - a scroll of blinking
 g - a scroll of acquirement {unknown}
 m - a scroll of enchant armour {unknown}
 q - 3 scrolls of teleportation {unknown}
 u - a scroll of vulnerability {unknown}
 v - a scroll of summoning {unknown}
 w - a scroll of magic mapping {unknown}
 x - a scroll of fog {unknown}
Potions
 i - a potion of brilliance
 k - 3 potions of might
 o - a potion of attraction
 p - a potion of curing {unknown}
 t - a potion of heal wounds {unknown}


   Skills:
 + Level 3.2 Fighting
 * Level 4.4 Long Blades
 - Level 1.0 Ranged Weapons
 - Level 5.0 Throwing
 - Level 3.0 Stealth


You had 5 spell levels left.
You didn't know any spells.
Your spell library contained the following spells:

 Spells                   Type           Power      Damage    Failure   Level
 Summon Small Mammal      Summ           0%         N/A       38%         1
 Blink                    Tloc           0%         N/A       52%         2
 Call Canine Familiar     Summ           0%         N/A       77%         3
 Gell's Gravitas          Tloc           0%         N/A       77%         3
 Lesser Beckoning         Tloc           0%         N/A       77%         3
 Ozocubu's Armour         Ice            0%         N/A       77%         3
 Summon Guardian Golem    Hex/Summ       0%         N/A       77%         3
 Teleport Other           Tloc           0%         N/A       77%         3
 Manifold Assault         Tloc           0%         N/A       100%        5
 Metabolic Englaciation   Hex/Ice        0%         N/A       100%        5
 Simulacrum               Ice/Necr       0%         N/A       100%        6


Dungeon Overview and Level Annotations

Branches:
Dungeon (4/15)
 Temple: D:4-7

Annotations:
D:4 Blork the orc


Innate Abilities, Weirdness & Mutations

You have an increased reservoir of magic. (+10% MP)
You shall have no god before yourself.
Your divine heritage dramatically boosts your attributes as you level up.


Message History

The scorpion barely misses you.
Aiming: Throw Flame
Press: ? - help, Q - select action, (/) - cycle Shift-Dir - straight line, f/p - Blork the orc
Aim: Blork the orc, wielding a +0 long sword, wearing a +0 robe and carrying a wand of digging (4) (almost dead, fast, 72% to hit)
The puff of flame hits Blork the orc but does no damage.
Blork the orc is almost dead.
Blork the orc barely misses you.
The scorpion stings you but does no damage.
Blork the orc closely misses you.
You hit Blork the orc but do no damage.
Blork the orc is almost dead.
Blork the orc misses you. The scorpion stings you.
You are poisoned.
The scorpion poisons you!
You barely miss Blork the orc.
Blork the orc is almost dead.
You feel very sick.
Blork the orc hits you with a +0 long sword!
The scorpion stings you.
You are lethally poisoned!
The scorpion poisons you!
Blork the orc hits you with a +0 long sword.
* * * LOW HITPOINT WARNING * * *
Blink to where?
Press: ? - help, Dir - move target, p - Blork the orc
As you read the scroll of blinking, it crumbles to dust.
* * * LOW HITPOINT WARNING * * *
You feel very sick.
* * * LOW HITPOINT WARNING * * *
You feel very sick.
Blork the orc looks encouraged for a moment.
* * * LOW HITPOINT WARNING * * *
You feel very sick.
You feel yourself speed up.
* * * LOW HITPOINT WARNING * * *
You feel sick.
Blork the orc screams, "I'll crush all your ribs!
One by one!"
Blork the orc gestures at you while chanting.
The puff of frost hits you!
You die...

..#
###.#########...รท......##.#.
.##
#.......##..##......###.#. ##
#######....#.........##... #
####....#.......###..
#....##.............#
#.###...##.......####
#.###.####..>.....# # #..#..#
##.#..)#.###
##..@######.##......#
###.....#...####.....
#.........#######.##.
#.###.o.#.#.......##. ###
##s...........##. #.
##..##..........#.
##.##...##..........#.
##.##..#...###............
..........## #............


You could see Blork the orc (fast) and a scorpion.

Vanquished Creatures
  An ogre (D:4)
  2 scorpions
  A hound (D:4)
  A jelly (D:4)
  3 adders
  2 worms
  3 dart slugs
  11 orcs
  3 endoplasms
  2 giant cockroaches
  6 goblins
  5 hobgoblins
  3 jackals
  9 kobolds
  6 quokkas
  10 ball pythons
  3 bats
  4 frilled lizards
  6 rats
81 creatures vanquished.

Notes
Turn   | Place    | Note
-------+----------+-------------------------------------------
     0 | D:1      | wormed the Demigod Wanderer began the quest for the Orb.
     0 | D:1      | wormed set off with the following items: a +2 dagger, a
                  | potion of haste, a +0 sling, 11 poisoned darts, a +0
                  | dagger, a scroll of blinking, a +0 robe.
     0 | D:1      | Reached XP level 1. HP: 16/16 MP: 3/3
   475 | D:1      | Reached XP level 2. HP: 19/23 MP: 4/4
   604 | D:1      | Reached skill level 1 in Long Blades
  1491 | D:2      | Reached XP level 3. HP: 28/28 MP: 5/5
  3143 | D:3      | Reached XP level 4. HP: 23/36 MP: 6/6
  3767 | D:3      | Reached skill level 5 in Throwing
  3847 | D:3      | Reached XP level 5. HP: 41/42 MP: 7/7
  3970 | D:4      | Noticed an ogre
  3986 | D:4      | Killed an ogre
  3987 | D:4      | Reached XP level 6. HP: 5/51 MP: 8/8
  4317 | D:4      | Identified the +3 leather armour "Etoqot" {+Inv rF+++ rN+++
                  | Str-3}
  4405 | D:4      | Identified the +7 hand axe of Lahudgh {freeze, Drain rPois
                  | MP+9 Str+5}
  4825 | D:4      | Noticed Blork the orc
  4844 | D:4      | HP: 2/51 [poisoned by a scorpion]
  4844 | D:4      | Killed from afar by Blork the orc

Illustrated notes

Levels and vault maps discovered:
D:1:      grunt_arrival_lava_bath, layout_loops_corners,
          hellmonk_ecumenical_altar_leap_of_faith, serial_glass,
          glass_columns_c, glass_columns_a, glass_columns_a, glass_columns_a,
          glass_columns_b, glass_columns_c, feat_on_display, feat_on_display,
          minmay_statues_item
D:2:      minmay_recursive_quarters, layout_basic
D:3:      layout_loops_ring, chequers_temple_overflow_statue_of_worship,
          grunt_ministairs_12, guppyfry_early_orc_mine
D:4:      layout_rooms, marbit_many_paths, uniq_blork_the_orc

Skill      XL: |  1  2  3  4  5 |
---------------+----------------+-----
Long Blades    | 1 2 3 4 |  4.4
Stealth        | 3 |  3.0
Fighting       | 2 3 |  3.2
Throwing       | 5 |  5.0
Ranged Weapons | |  1.0

Action                   |  1- 3 |  4- 6 || total
-------------------------+-------+-------++-------
Melee: Falchion          |   179 |    93 ||   272
       Punch             |     2 |       ||     2
Throw: Dart              |       |     2 ||     2
Evoke: Wand              |       |     4 ||     4
  Use: Scroll            |       |     4 ||     4
       Potion            |       |     1 ||     1
 Stab: Sleeping          |     2 |     2 ||     4
       Distracted        |       |     1 ||     1
Armor: Ring mail         |    95 |    24 ||   119
       Leather armour    |       |    10 ||    10
Dodge: Dodged            |   103 |    50 ||   153
